 Dungeon Crawl Stone Soup version 0.17-a0-1646-geb1493d (webtiles) character file.

112717 maniek23 the Fencer (level 15, -5/137 HPs)
             Began as a Minotaur Fighter on Aug 8, 2015.
             Was the Champion of Jiyva.
             Slain by Aizul (10 damage)
             ... on level 1 of the Spider Nest on Aug 9, 2015.
             The game lasted 02:55:41 (28274 turns).

maniek23 the Fencer (Minotaur Fighter)             Turns: 28274, Time: 02:55:41

Health: -5/137     AC: 25    Str: 26    XL:     15   Next: 78%
Magic:  23/23      EV:  9    Int:  7    God:    Jiyva [******]
Gold:   2813       SH: 15    Dex: 10    Spells: 0 memorised, 14 levels left

rFire  + + +     SeeInvis .     J - +4 scimitar "Jiqad" {freeze, Str+4}
rCold  + . .     Clarity  .     a - +3 plate armour {rPois}
rNeg   . . .     SustAt   .     h - +2 shield {rF+}
rPois  +         Gourm    .     (helmet restricted)
rElec  +         Spirit   .     (no cloak)
rCorr  +         Warding  .     o - +0 pair of gloves of Hairiness {rF++ Slay+2}
rMut   .         Stasis   .     R - +0 pair of boots
MR     +....                    (no amulet)
Stlth  ..........               M - +2 ring of protection
                                X - ring "Fuggamuo" {rF+ rC+ Str-3 Slay+2}

@: lethally poisoned (-5 -> -14), somewhat resistant to hostile enchantments,
extremely unstealthy
A: retaliatory headbutt, horns 2, fire resistance 1, high mp 1, electricity
resistance, translucent skin 2, tendrils
a: Request Jelly, Jelly Paralyse, Slimify, Cure Bad Mutation, Renounce Religion
}: 1/15 runes: slimy


You were on level 1 of the Spider Nest.
You worshipped Jiyva.
Jiyva was exalted by your worship.
You were completely stuffed.

You visited 6 branches of the dungeon, and saw 35 of its levels.
You also visited: Bailey.

You collected 3504 gold pieces.
You spent 691 gold pieces at shops.

Inventory:

Hand weapons
 w - a +5 long sword of holy wrath
 E - the +1 trident "Minotaur's Death" {flame, +Blink MP+9 Dex+6 Stlth+}
   (You found it on level 6 of the Lair of Beasts)

   It has been specially enchanted to burn those struck by it, causing extra
   injury to most foes and up to half again as much damage against particularly
   susceptible opponents.
   It affects your dexterity (+6).
   It affects your magic capacity (+9).
   It lets you blink.
   It makes you more stealthy.
 J - the +4 scimitar "Jiqad" (weapon) {freeze, Str+4}
   (You found it on level 11 of the Dungeon)

   It has been specially enchanted to freeze those struck by it, causing extra
   injury to most foes and up to half again as much damage against particularly
   susceptible opponents.
   It can also slow down cold-blooded creatures.
   It affects your strength (+4).
Armour
 a - a +3 plate armour of poison resistance (worn)
 h - a +2 shield of fire resistance (worn)
 k - a +1 crystal plate armour
 o - the +0 pair of gloves of Hairiness (worn) {rF++ Slay+2}
   (You found it on level 3 of the Lair of Beasts)

   It affects your accuracy and damage with ranged weapons and melee attacks
   (+2).
   It greatly protects you from fire.
 y - a +0 plate armour of cold resistance
 R - a +0 pair of boots (worn)
Jewellery
 b - an uncursed ring of see invisible
 d - an uncursed amulet of stasis
 M - a +2 ring of protection (right hand)
 X - the ring "Fuggamuo" (left hand) {rF+ rC+ Str-3 Slay+2}
   (You found it on level 6 of the Pits of Slime)

   [ring of protection from cold]

   It affects your strength (-3).
   It affects your accuracy and damage with ranged weapons and melee attacks
   (+2).
   It protects you from fire.
   It protects you from cold.
Magical devices
 l - a wand of fireball (1)
 I - a wand of paralysis (8)
 S - a wand of enslavement (8)
 Y - a wand of polymorph (6)
Scrolls
 f - 2 scrolls of magic mapping
 g - 4 scrolls of remove curse
 q - 5 scrolls of enchant armour
 r - 4 scrolls of teleportation
 v - a scroll of recharging
 C - 2 scrolls of fear
 H - 2 scrolls of brand weapon
 L - a scroll of amnesia {unknown}
 N - a scroll of fog
 O - 3 scrolls of immolation
 T - 2 scrolls of summoning {unknown}
Potions
 i - 8 potions of curing
 s - 6 potions of agility
 t - 3 potions of cancellation
 u - a potion of flight
 z - 2 potions of berserk rage
 B - a potion of experience {unknown}
 D - 4 potions of invisibility
 W - a potion of haste
 Z - a potion of cure mutation
Miscellaneous
 j - a phantom mirror
 P - a disc of storms
 Q - a sack of spiders {used: 1}
Comestibles
 c - 2 bread rations
 m - 4 beef jerkies
 p - 16 fruits
 G - 7 meat rations
 U - 12 royal jellies
 V - 3 slices of pizza


   Skills:
 + Level 13.8 Fighting
 - Level 17.7 Long Blades
 * Level 16.4 Armour
 + Level 4.0 Dodging
 - Level 0.1 Stealth
 + Level 13.7 Shields
 + Level 9.9 Evocations


You had 14 spell levels left.
You didn't know any spells.

Dungeon Overview and Level Annotations

Branches:
Dungeon (15/15)            Temple (1/1) D:5            Lair (8/8) D:10
  Swamp (0/4) Lair:5       Spider (1/4) Lair:3        Slime (6/6) Lair:7
    Orc (4/4) D:10            Elf (0/3) Orc:4        Vaults (0/5) D:14
 Depths (0/5) D:15

Altars:
Ashenzari
Cheibriados
Dithmenos
Elyvilon
Fedhas
Gozag
Kikubaaqudgha
Makhleb
Nemelex Xobeh
Okawaru
Qazlal
Ru
Sif Muna
Trog
Vehumet
Xom
Yredelemnul
Zin
The Shining One
Beogh
Jiyva

Shops:
D:11 *   D:12 [   Orc:1 [   Orc:2 !   Orc:4 :[(*

Portals:
Trove: D:11 (give +5 ice dragon armour)

Annotations:
Spider:1 Aizul
Slime:6 Royal Jelly


Innate Abilities, Weirdness & Mutations

You reflexively headbutt those who attack you in melee.
You have a pair of horns on your head.
Your flesh is heat resistant.
You have an increased reservoir of magic (+10% MP).
You are resistant to electric shocks.
Your skin is mostly translucent (Stealth, -foe acc).
You are covered in slimy tendrils that may disarm your opponents.


Message History

You shudder from the blow and a jelly pops out!
Aizul hits you but does no damage.
You slash Aizul! You freeze Aizul.
Aizul is almost dead.
You feel sick. Aizul casts a spell at you. The bolt of poison hits you!
You resist.
* * * LOW HITPOINT WARNING * * *
You miss Aizul.
Aizul is almost dead.
Aizul coils himself and waves his upper body at you.
The poison arrow hits you!
You are more poisoned.
You partially resist.
* * * LOW HITPOINT WARNING * * *
You miss Aizul.
Aizul is almost dead.
* * * LOW HITPOINT WARNING * * *
You feel sick. Aizul hits you!
You die...

.........# ###.#.
##..#.§####.#...
#####...#.....#
#...##........#
######....###.##..##
#.........#######..#
#.......###...####S.
#..JS#..#.#...#..##.
##.@##..#........###
#..##....#.......#.
#..<##.[#.S..#....S
#........##.§...###...#
##....#..###.#### #....
###..#### ### ###.. ###
###


You could see Aizul and a friendly death ooze.

Vanquished Creatures
  Saint Roka (Orc:4)
  Rupert (Lair:5)
  Kirke (D:14)
  Maud (Orc:3)
  Nessos (Lair:5)
  A fire dragon (Lair:8)
  Josephine (Lair:8)
  An ettin (D:13)
  A yaktaur captain (D:15)
  4 centaur warriors
  4 hydras
  6 death yaks (Lair:8)
  An orc high priest (Orc:4)
  Urug (D:12)
  A deep elf knight (D:14)
  A deep troll (shapeshifter) (D:12)
  2 unseen horrors
  An ice statue (D:11)
  2 manticores
  3 wolf spiders (Spider:1)
  4 orc sorcerers
  9 orc knights
  12 ugly things
  A centaur zombie (D:12)
  5 hill giants
  4 cyclopes
  The ghost of ithil the Ducker, an experienced TeBe of Trog (D:5)
  6 griffons
  Maurice (D:12)
  16 spiny frogs
  9 elephants
  5 black mambas
  A torpor snail (Lair:8)
  A gargoyle (D:11)
  A centaur skeleton (D:13)
  10 komodo dragons
  2 kobold demonologists
  A jumping spider (Spider:1)
  A freezing wraith (D:15)
  A spriggan druid (Lair:4)
  2 polar bears
  5 fire drakes
  6 trolls
  3 two-headed ogres
  A queen bee (Lair:4)
  A giant leech (Lair:3)
  11 blink frogs
  5 wraiths
  2 deep elf fighters (D:14)
  57 yaks
  A shadow (D:13)
  Eustachio (D:5)
  A wyvern (D:11)
  8 basilisks
  4 deep elf magi
  3 steam dragons
  14 hippogriffs
  4 vampire mosquitoes
  5 mottled dragons
  15 porcupines
  20 wolves
  7 wargs
  9 water moccasins
  2 black bears
  34 orc warriors
  2 wasps (D:13)
  17 ogres
  2 swamp drakes (Lair:8)
  A sky beast (shapeshifter) (D:13)
  An eye of draining (D:11)
  5 ice beasts
  The ghost of maniek23 the Shield-Bearer, an average MiFi (D:4)
  3 phantoms (D:9)
  6 centaurs
  2 necrophages (D:12)
  4 sky beasts
  16 crocodiles
  An eye of draining (shapeshifter) (D:15)
  5 big kobolds
  4 scorpions
  19 giant frogs
  A wyvern skeleton (D:15)
  40 killer bees
  3 vampire bats (Lair:4)
  A quasit (D:8)
  10 wights
  A giant frog zombie (D:11)
  3 jellies
  34 orc wizards
  10 crimson imps
  25 orc priests
  5 hounds
  2 giant frog skeletons
  12 iguanas
  7 worker ants
  14 sheep
  A hound zombie (D:6)
  2 worker ant zombies
  2 gnolls (D:10)
  15 adders
  4 shadow imps
  37 river rats
  An adder zombie (D:8)
  An ooze (D:3)
  6 worms
  5 giant geckos
  163 orcs
  2 ball pythons
  2 giant cockroaches
  4 goblins
  7 hobgoblins
  3 jackals
  7 quokkas
  19 bats
  5 giant newts
  A jackal skeleton (D:8)
  A jackal zombie (D:5)
  20 kobolds
  A quokka skeleton (D:5)
  8 rats
921 creatures vanquished.

Vanquished Creatures (collateral kills)
  A griffon (D:13)
  A manticore (D:13)
  A cyclops (D:13)
  A basilisk (D:13)
  An orc warrior (D:13)
  A big kobold (D:13)
  A kobold (D:13)
7 creatures vanquished.

Vanquished Creatures (others)
  5 acid blobs
  An azure jelly (Slime:3)
  2 great orbs of eyes (Slime:6)
  An ogre mage (D:14)
  4 shining eyes
  Joseph (D:15)
  2 centaur skeletons
  A centaur simulacrum (D:14)
  54 slime creatures
  A human (D:15)
  A hungry ghost (D:15)
  A vampire mosquito (D:14)
  A wolf (Orc:2)
  A water moccasin (Lair:5)
  2 orc warriors (Orc:3)
  2 eyes of draining
  A swamp drake (Lair:8)
  A centaur (D:15)
  A crocodile (Lair:8)
  2 giant frogs
  A crimson imp (D:15)
  89 jellies
  10 orc priests
  10 orc wizards
  A gnoll (D:10)
  47 orcs
  A goblin (Orc:2)
  A hobgoblin (Orc:2)
  A kobold (D:14)
  A giant newt (Lair:5)
  A bush (Lair:8)
  21 fungi
  7 plants
276 creatures vanquished.

Grand Total: 1204 creatures vanquished

Notes
Turn   | Place    | Note
--------------------------------------------------------------
     0 | D:1      | maniek23 the Minotaur Fighter began the quest for the Orb.
     0 | D:1      | Reached XP level 1. HP: 19/19 MP: 0/0
   148 | D:1      | Reached skill level 4 in Fighting
   155 | D:1      | Reached XP level 2. HP: 18/27 MP: 1/1
   727 | D:2      | Reached XP level 3. HP: 28/33 MP: 2/2
  1325 | D:3      | Reached skill level 1 in Dodging
  1520 | D:3      | Reached XP level 4. HP: 37/40 MP: 3/3
  1633 | D:3      | Found a basalt altar of Yredelemnul.
  1764 | D:3      | You fall through a shaft!
  1786 | D:4      | Reached XP level 5. HP: 42/47 MP: 4/4
  1943 | D:4      | Noticed maniek23's ghost (average MiFi)
  1956 | D:4      | Killed maniek23's ghost
  2103 | D:4      | Reached skill level 5 in Armour
  2103 | D:4      | Reached skill level 5 in Shields
  2103 | D:4      | Reached XP level 6. HP: 47/53 MP: 5/5
  2594 | D:5      | Entered Level 5 of the Dungeon
  2603 | D:5      | Reached skill level 5 in Fighting
  2603 | D:5      | Reached skill level 5 in Long Blades
  2610 | D:5      | You fall through a shaft for 3 floors!
  2705 | D:7      | Found an ancient bone altar of Kikubaaqudgha.
  2705 | D:7      | Found a deep blue altar of Sif Muna.
  2737 | D:7      | Reached XP level 7. HP: 16/61 MP: 6/6
  3081 | D:7      | Reached skill level 6 in Long Blades
  3236 | D:6      | Reached XP level 8. HP: 32/70 MP: 7/7
  3352 | D:5      | Noticed Eustachio
  3361 | D:5      | Killed Eustachio
  3361 | D:5      | Reached skill level 7 in Long Blades
  3615 | D:5      | Found a staircase to the Ecumenical Temple.
  3627 | Temple   | Entered the Ecumenical Temple
  3940 | Temple   | Became a worshipper of Ru the Awakened
  4272 | D:5      | Found a blossoming altar of Fedhas.
  4272 | D:5      | Found a glowing golden altar of the Shining One.
  4273 | D:5      | Found a white marble altar of Elyvilon.
  4274 | D:5      | Found a glowing silver altar of Zin.
  4274 | D:5      | Found an opulent altar of Gozag.
  4284 | D:5      | Reached skill level 8 in Long Blades
  4284 | D:5      | Reached skill level 1 in Evocations
  4557 | D:5      | Noticed ithil's ghost (experienced TeBe)
  4613 | D:5      | Killed ithil's ghost
  4778 | D:5      | Found a sparkling altar of Nemelex Xobeh.
  4894 | D:6      | Reached XP level 9. HP: 68/79 MP: 9/9
  5360 | D:7      | Reached skill level 9 in Long Blades
  6106 | D:8      | Noticed a water moccasin
  6119 | D:8      | Killed a water moccasin
  6639 | D:8      | Reached skill level 10 in Long Blades
  7465 | D:9      | Reached XP level 10. HP: 68/88 MP: 11/11
  7970 | D:9      | Noticed a cyan ugly thing
  8008 | D:9      | Killed a cyan ugly thing
  8008 | D:9      | Reached skill level 11 in Long Blades
  8140 | D:9      | Gained mutation: Your natural rate of healing is unusually fast. [mutagenic meat]
  8174 | D:9      | Noticed a green ugly thing
  8181 | D:9      | Killed a green ugly thing
  8245 | D:9      | Gained mutation: You are frail (-10% HP). [potion of mutation]
  8245 | D:9      | Gained mutation: Your body sometimes deteriorates upon taking damage. [potion of mutation]
  8245 | D:9      | Gained mutation: You expend magic power (3 MP) to strengthen your wands. [potion of mutation]
  8247 | D:10     | Entered Level 10 of the Dungeon
  8254 | D:10     | Lost mutation: Your body sometimes deteriorates upon taking damage. [potion of mutation]
  8254 | D:10     | Lost mutation: You expend magic power (3 MP) to strengthen your wands. [potion of mutation]
  8254 | D:10     | Gained mutation: You are occasionally teleported to nearby monsters. [potion of mutation]
  8308 | D:10     | Found a staircase to the Orcish Mines.
  8325 | D:10     | Killed an unseen horror
  8550 | D:10     | Noticed a hill giant
  8583 | D:10     | Reached skill level 5 in Evocations
  8589 | D:10     | Killed a hill giant
  8589 | D:10     | Reached XP level 11. HP: 76/87 MP: 13/13
  8596 | D:10     | Reached skill level 12 in Long Blades
  8767 | D:10     | Found a staircase to the Lair.
  8831 | D:10     | Found a runed door.
  8994 | D:10     | Found a roughly hewn altar of Beogh.
  9394 | D:10     | Noticed an orc knight
  9417 | D:10     | Killed an orc knight
  9466 | D:10     | Found a roughly hewn altar of Beogh.
  9520 | D:11     | Reached skill level 10 in Armour
  9543 | D:11     | Found a portal to a secret trove of treasure.
  9570 | D:11     | Noticed an ice statue
  9584 | D:11     | Killed an ice statue
  9584 | D:11     | Reached skill level 10 in Shields
  9683 | D:11     | Got a crystal scimitar
  9761 | D:11     | Identified the +4 scimitar "Jiqad" {freeze, Str+4} (You found it on level 11 of the Dungeon)
  9829 | D:11     | Found Bidaig's Assorted Antiques.
  9854 | D:11     | Bought a scroll of identify for 60 gold pieces
  9854 | D:11     | Bought a scroll of identify for 60 gold pieces
  9854 | D:11     | Bought a scroll of identify for 60 gold pieces
  9854 | D:11     | Bought a tiny pearl amulet for 150 gold pieces
  9919 | D:11     | Noticed an eight-headed hydra
 10010 | D:11     | Reached skill level 13 in Long Blades
 10035 | D:11     | Got a dazzling quarterstaff
 10041 | D:11     | Identified the +6 quarterstaff "Sarcophage" {crush, +Blink +Inv rPois Str-5} (You found it on level 11 of the Dungeon)
 10072 | D:11     | Reached skill level 10 in Fighting
 10715 | D:11     | Reached XP level 12. HP: 71/95 MP: 15/15
 10905 | D:12     | Noticed Maurice
 10910 | D:12     | Killed Maurice
 10930 | D:12     | Found a sparkling altar of Nemelex Xobeh.
 10987 | D:12     | Noticed Urug
 11010 | D:12     | Killed Urug
 11265 | D:12     | Found Cegh's Armour Shop.
 11319 | D:12     | Gained mutation: Your body sometimes deteriorates upon taking damage. [mutagenic meat]
 11320 | D:12     | Gained mutation: Your skin changes colour to match your surroundings (Stealth). [mutagenic meat]
 11464 | D:12     | Noticed an anaconda
 11465 | D:12     | an anaconda changed into a deep troll
 11475 | D:12     | Reached skill level 14 in Long Blades
 11747 | Lair:1   | Entered Level 1 of the Lair of Beasts
 11861 | Lair:1   | Noticed a seven-headed hydra
 11907 | Lair:1   | Killed a 11-headed hydra
 12182 | Lair:1   | Noticed an eight-headed hydra
 12222 | Lair:1   | Killed a 15-headed hydra
 12641 | Lair:2   | Got a glittering jade ring
 13258 | Lair:3   | Reached XP level 13. HP: 101/104 MP: 17/17
 13285 | Lair:3   | Got a pair of scorched gloves
 13291 | Lair:3   | Identified the cursed +0 pair of gloves of Hairiness {rF++ Slay+2} (You found it on level 3 of the Lair of Beasts)
 13306 | Lair:3   | Found a hole to the Spider Nest.
 13637 | Lair:3   | Identified the cursed ring of Gluttony {*Confuse rF+ rC+ Dex-2} (You found it on level 2 of the Lair of Beasts)
 14280 | Lair:4   | Reached skill level 15 in Long Blades
 14652 | Lair:4   | You fall through a shaft for 3 floors!
 14779 | Lair:7   | Found a viscous altar of Jiyva.
 14780 | Lair:7   | Found a staircase to the Slime Pits.
 14783 | Lair:7   | Fell from the grace of Ru
 14783 | Lair:7   | Became a worshipper of Jiyva Jimmyzir the Shapeless
 15001 | Lair:7   | Acquired Jiyva's first power
 15606 | Lair:7   | Got a crude short sword
 15607 | Lair:7   | Identified the cursed +1 short sword of the Enchanted Forest {pierce, +Inv rElec Int+3} (You found it on level 7 of the Lair of Beasts)
 15811 | Slime:1  | Entered Level 1 of the Pits of Slime
 15888 | Slime:1  | Noticed an acid blob
 15935 | Slime:1  | Killed an acid blob
 15983 | Slime:2  | Noticed an azure jelly
 16002 | Slime:2  | Noticed an azure jelly
 16049 | Slime:3  | Noticed an azure jelly
 16111 | Slime:3  | Killed an azure jelly
 16198 | Slime:2  | Noticed an acid blob
 16395 | Slime:1  | Noticed an acid blob
 16572 | Lair:5   | Noticed Rupert
 16635 | Lair:5   | Found a staircase to the Swamp.
 17203 | Lair:4   | Acquired Jiyva's second power
 17564 | Lair:5   | Noticed Nessos
 17770 | Lair:5   | Killed Nessos
 17770 | Lair:5   | Reached skill level 16 in Long Blades
 17985 | Lair:5   | Gained mutation: Your body is partially covered in golden eyeballs (Acc +3). [Jiyva's grace]
 18077 | Lair:5   | Killed Rupert
 18077 | Lair:5   | Reached XP level 14. HP: 71/113 MP: 19/19
 18189 | Lair:6   | Got a translucent trident
 18190 | Lair:6   | Identified the +1 trident "Minotaur's Death" {flame, +Blink MP+9 Dex+6 Stlth+} (You found it on level 6 of the Lair of Beasts)
 18542 | Lair:8   | Entered Level 8 of the Lair of Beasts
 18606 | Lair:8   | Acquired Jiyva's third power
 18652 | Lair:8   | Lost mutation: You are frail (-10% HP). [Jiyva's grace]
 18778 | Lair:8   | Gained mutation: You are resistant to hostile enchantments. [Jiyva's grace]
 18778 | Lair:8   | Acquired Jiyva's fourth power
 18862 | Lair:8   | Noticed Josephine
 18909 | Lair:8   | Killed Josephine
 19030 | Lair:8   | Lost mutation: Your body is partially covered in golden eyeballs (Acc +3). [Jiyva's grace]
 19037 | Lair:8   | Lost mutation: Your body sometimes deteriorates upon taking damage. [Jiyva's power]
 19298 | Lair:8   | Lost mutation: You are occasionally teleported to nearby monsters. [Jiyva's grace]
 19483 | Lair:8   | Gained mutation: Your spells are a little harder to cast, but a little more powerful. [Jiyva's grace]
 19529 | Lair:8   | Lost mutation: Your spells are a little harder to cast, but a little more powerful. [potion of mutation]
 19529 | Lair:8   | Gained mutation: You are dopey. (Int -2) [potion of mutation]
 19529 | Lair:8   | Gained mutation: You have a pair of large horns on your head. [potion of mutation]
 19762 | Lair:1   | Lost mutation: Your skin changes colour to match your surroundings (Stealth). [Jiyva's grace]
 19837 | Orc:1    | Entered Level 1 of the Orcish Mines
 19864 | Orc:1    | Gained mutation: You are highly resistant to hostile enchantments. [Jiyva's grace]
 19877 | Orc:1    | Lost mutation: You have a pair of large horns on your head. [Jiyva's grace]
 19895 | Orc:1    | Gained mutation: You are agile. (Dex +2) [Jiyva's grace]
 19899 | Orc:1    | Found Quhokin's Armour Shoppe.
 19970 | Orc:1    | Gained mutation: You have sharp toenails. [Jiyva's grace]
 19981 | Orc:1    | Gained mutation: You have razor-sharp toenails. [Jiyva's grace]
 20153 | Orc:1    | Gained mutation: You are covered in slimy tendrils that may disarm your opponents. [Jiyva's grace]
 20235 | Orc:2    | Reached skill level 17 in Long Blades
 20334 | Orc:2    | Found Dynir's Distillery.
 20382 | Orc:2    | Gained mutation: You evolve. [Jiyva's grace]
 20399 | Orc:2    | Bought a potion of heal wounds for 80 gold pieces
 20399 | Orc:2    | Bought a potion of curing for 48 gold pieces
 20399 | Orc:2    | Bought a potion of curing for 48 gold pieces
 20399 | Orc:2    | Bought a potion of heal wounds for 80 gold pieces
 20444 | Orc:2    | Reached skill level 15 in Armour
 20492 | Orc:2    | Gained mutation: You have acidic saliva. [Jiyva's grace]
 20510 | Orc:2    | Gained mutation: You are very agile. (Dex +4) [Jiyva's grace]
 20515 | Orc:2    | Lost mutation: You have acidic saliva. [Jiyva's grace]
 20532 | Orc:2    | Lost mutation: You are highly resistant to hostile enchantments. [Jiyva's grace]
 20614 | Orc:2    | Identified a scroll of acquirement
 20631 | Orc:2    | Found a flagged portal.
 20633 | Orc:2    | Gained mutation: You have acidic saliva. [Jiyva's grace]
 20644 | Orc:2    | Gained mutation: You are highly resistant to hostile enchantments. [Jiyva's grace]
 20653 | Bailey   | Entered a bailey
 20697 | Bailey   | Gained mutation: You have a small jelly attached to you that may absorb incoming projectiles. [Jiyva's grace]
 20977 | Bailey   | Lost mutation: You have a small jelly attached to you that may absorb incoming projectiles. [Jiyva's grace]
 21043 | Orc:2    | Lost mutation: You have acidic saliva. [Jiyva's grace]
 21325 | Orc:3    | Gained mutation: You rapidly evolve. [Jiyva's grace]
 21340 | Orc:3    | Lost mutation: You are highly resistant to hostile enchantments. [Jiyva's grace]
 21366 | Orc:3    | Gained mutation: Your system is resistant to poisons. [Jiyva's grace]
 21455 | Orc:3    | Lost mutation: You rapidly evolve. [Jiyva's grace]
 21455 | Orc:3    | Lost mutation: You evolve. [Jiyva's grace]
 21455 | Orc:3    | Gained mutation: You are somewhat resistant to further mutation. [Jiyva's grace]
 21527 | Orc:3    | Lost mutation: You are somewhat resistant to further mutation. [Jiyva's grace]
 21646 | Orc:3    | Noticed Maud
 21677 | Orc:3    | Killed Maud
 21978 | Orc:4    | Entered Level 4 of the Orcish Mines
 22054 | Orc:4    | Lost mutation: You are very agile. (Dex +4) [Jiyva's grace]
 22265 | Orc:4    | Lost mutation: You are dopey. (Int -2) [Jiyva's grace]
 22276 | Orc:4    | Found a staircase to the Elven Halls.
 22328 | Orc:4    | Reached XP level 15. HP: 114/135 MP: 20/20
 22344 | Orc:4    | Lost mutation: You are agile. (Dex +2) [Jiyva's grace]
 22360 | Orc:4    | Noticed Saint Roka
 22363 | Orc:4    | Gained mutation: Your skin is partially translucent (Stealth, -foe acc). [Jiyva's grace]
 22390 | Orc:4    | Killed Saint Roka
 22399 | Orc:4    | Found a roughly hewn altar of Beogh.
 22454 | Orc:4    | Gained mutation: You are highly resistant to hostile enchantments. [Jiyva's grace]
 22562 | Orc:4    | Found Vadusagro's Antique Weapon Boutique.
 22577 | Orc:4    | Found Benir's General Store.
 22584 | Orc:4    | Bought a scroll of enchant armour for 105 gold pieces
 22807 | Orc:4    | Gained mutation: You are agile. (Dex +2) [Jiyva's grace]
 22870 | Orc:4    | Found Uxemukia's Antique Armour Boutique.
 22885 | Orc:4    | Found Cekkisuu's Book Boutique.
 23147 | D:10     | Upgraded the game from 0.17-a0-1642-gd4b747b to 0.17-a0-1646-geb1493d
 23154 | D:10     | Gained mutation: You are somewhat resistant to further mutation. [Jiyva's grace]
 23277 | D:12     | Gained mutation: Armour fits poorly on your pseudopods. [Jiyva's grace]
 23750 | D:13     | Lost mutation: You have razor-sharp toenails. [Jiyva's grace]
 23778 | D:13     | Lost mutation: Your natural rate of healing is unusually fast. [Jiyva's grace]
 23898 | D:13     | Lost mutation: You are highly resistant to hostile enchantments. [potion of cure mutation]
 23898 | D:13     | Lost mutation: You have sharp toenails. [potion of cure mutation]
 23898 | D:13     | Lost mutation: You are covered in slimy tendrils that may disarm your opponents. [potion of cure mutation]
 23898 | D:13     | Lost mutation: Armour fits poorly on your pseudopods. [potion of cure mutation]
 24060 | D:13     | Lost mutation: You are somewhat resistant to further mutation. [Jiyva's grace]
 24254 | D:14     | Gained mutation: You have an increased reservoir of magic (+10% MP). [Jiyva's grace]
 24419 | D:14     | Lost mutation: You are agile. (Dex +2) [Jiyva's grace]
 24570 | D:14     | Noticed Kirke
 24576 | D:14     | Killed Kirke
 24665 | D:14     | Found a gate to the Vaults.
 25011 | D:14     | Gained mutation: You are resistant to electric shocks. [mutagenic meat]
 25075 | D:14     | Gained mutation: Your body sometimes deteriorates upon taking damage. [mutagenic meat]
 25076 | D:14     | Gained mutation: You possess an exceptional clarity of mind. [mutagenic meat]
 25077 | D:14     | Lost mutation: Your body sometimes deteriorates upon taking damage. [Jiyva's power]
 25164 | D:15     | Entered Level 15 of the Dungeon
 25261 | D:15     | Gained mutation: Your skin is mostly translucent (Stealth, -foe acc). [Jiyva's grace]
 25275 | D:15     | Killed Joseph
 25300 | D:15     | Found a staircase to the Depths.
 25469 | D:15     | Lost mutation: Your system is resistant to poisons. [Jiyva's grace]
 25857 | Lair:1   | Lost mutation: You possess an exceptional clarity of mind. [Jiyva's grace]
 26127 | Slime:2  | Killed an acid blob
 26196 | Slime:2  | Noticed an azure jelly
 26328 | Slime:4  | Noticed an acid blob
 26328 | Slime:4  | Noticed an acid blob
 26385 | Slime:4  | Killed an acid blob
 26571 | Slime:5  | Noticed an azure jelly
 26877 | Slime:5  | Noticed an azure jelly
 26923 | Slime:5  | Noticed an acid blob
 27036 | Slime:6  | Entered Level 6 of the Pits of Slime
 27036 | Slime:6  | Noticed an acid blob
 27070 | Slime:6  | Gained mutation: Your flesh is heat resistant. [Jiyva's grace]
 27078 | Slime:6  | Noticed an acid blob
 27088 | Slime:6  | Gained mutation: Scrolls take you a little longer to read. [Jiyva's grace]
 27093 | Slime:6  | Noticed an acid blob
 27097 | Slime:6  | Noticed an acid blob
 27101 | Slime:6  | Lost mutation: Scrolls take you a little longer to read. [Jiyva's grace]
 27108 | Slime:6  | Killed an acid blob
 27113 | Slime:6  | Killed an acid blob
 27124 | Slime:6  | Noticed an acid blob
 27128 | Slime:6  | Noticed an acid blob
 27131 | Slime:6  | Gained mutation: You are covered in slimy tendrils that may disarm your opponents. [Jiyva's grace]
 27132 | Slime:6  | Noticed an acid blob
 27140 | Slime:6  | Found a viscous altar of Jiyva.
 27147 | Slime:6  | Noticed an acid blob
 27156 | Slime:6  | Got a fine leather armour
 27159 | Slime:6  | Got a jewelled shortbow
 27175 | Slime:6  | Got a warped halberd
 27183 | Slime:6  | Lost mutation: You are resistant to hostile enchantments. [Jiyva's grace]
 27188 | Slime:6  | Noticed an azure jelly
 27190 | Slime:6  | Got a slimy rune of Zot
 27200 | Slime:6  | Noticed the royal jelly
 27209 | Slime:6  | Got a scintillating silver ring
 27212 | Slime:6  | Identified the ring "Fuggamuo" {rF+ rC+ Str-3 Slay+2} (You found it on level 6 of the Pits of Slime)
 27221 | Slime:6  | Identified the +11 halberd "Bingo" {freeze, rC+ rN+ Stlth+} (You found it on level 6 of the Pits of Slime)
 27386 | Slime:6  | Identified the +3 leather armour of the Ant {MR++ rCorr MP+9 Int-4} (You found it on level 6 of the Pits of Slime)
 27390 | Slime:6  | Got a wizard robe
 27401 | Slime:6  | Identified the +1 robe of the Loofah {rN+} (You found it on level 6 of the Pits of Slime)
 27439 | Slime:6  | Identified the +10 shortbow of Devotion {flame, rElec rF+} (You found it on level 6 of the Pits of Slime)
 27807 | Spider:1 | Entered Level 1 of the Spider Nest
 27882 | Spider:1 | Noticed Aizul
 28273 | Spider:1 | HP: 6/137 [Aizul/poison arrow (10)]
 28274 | Spider:1 | Slain by Aizul

Vault maps used:
D:1:      wheals_arrival_shading
D:2:      kennysheep_six_static_rooms
D:3:      yredelemnul_altar_generic
D:4:      first_bread
D:5:      grunt_temple_overflow_open, minmay_temple_entry_junction2,
          minmay_strange_pillars, nemelex_deck, uniq_eustachio
D:7:      gammafunk_temple_overflow_elements, grunt_ogre_cave, minivault_11
D:8:      kennysheep_generic_room_6
D:9:      minmay_misc_feat_x, minmay_misc_feat_rugged, minmay_liquid_box
D:10:     minmay_lair_entry_grove, minmay_orc_entry_temple_small,
          lightli_church_of_beogh
D:11:     old_forge, serial_shops, shop, enter_trove_2, minivault_15,
          hangedman_decor_riveting
D:12:     basic_altar, serial_shops, shop_coins, uniq_urug, uniq_maurice
D:13:     hourglass_vault
D:14:     hangedman_vaults_entry_quadrant_bands, uniq_kirke
D:15:     grunt_enter_depths_snipers, minivault_27, minmay_sticks_and_stones
Temple:   triangle_lava_temple_12
Lair:1:   infiniplex_staircase_pool
Lair:3:   spider_nest_entry_web_field, serial_bayou_shore_b, lemuel_fruit_tree
Lair:4:   special_room, roderic_batcave, nicolae_quartered_pool_little,
          kilobyte_rumbling_trees
Lair:5:   minmay_swamp_entry_reptiles, grunt_megastairs_4, uniq_nessos,
          uniq_rupert
Lair:7:   dpeg_slime_entry_enclosed_altar, st_stairs_12, serial_bayou_shore_b
Lair:8:   guppyfry_lair_end_dragon, grunt_megastairs_1, lemuel_fruit_fields,
          uniq_josephine
Spider:1: uniq_aizul
Slime:4:  nicolae_slime_jelly_donut
Slime:5:  cheibrodos_slime_lost_civilization_3
Orc:1:    serial_shops, shop_statue
Orc:2:    enter_bailey_4, serial_shops, nicolae_shop_stone, mines5_lemuel
Orc:3:    nicolae_orc_pool_cavern, nicolae_orc_sculptors_studio, uniq_maud
Orc:4:    grunt_orc_cross
Bailey:   bailey_polearm_1, bailey

Action                   |  1- 3 |  4- 6 |  7- 9 | 10-12 | 13-15 || total
-------------------------+-------+-------+-------+-------+-------++-------
Melee: Long sword        |   112 |   110 |   414 |   144 |       ||   780
       Falchion          |       |       |       |   240 |       ||   240
       Scimitar          |       |       |       |   426 |  1620 ||  2046
       Trident           |       |       |       |       |    39 ||    39
Invok: Request Jelly     |       |       |       |       |    16 ||    16
       Cure Bad Mutation |       |       |       |       |     2 ||     2
       Slimify           |       |       |       |       |     1 ||     1
       Jelly Paralyse    |       |       |       |       |     5 ||     5
Evoke: Wand              |       |       |     2 |    41 |    26 ||    69
       Sack of spiders   |       |       |       |       |     1 ||     1
  Use: Potion            |       |     2 |       |     3 |    18 ||    23
       Scroll            |       |       |     6 |    12 |    23 ||    41
 Stab: Paralysed         |       |       |       |    20 |     5 ||    25
       Confused          |       |       |       |       |     2 ||     2
       Distracted        |       |       |       |       |     1 ||     1
  Eat: Chunk             |     2 |       |     6 |    22 |    20 ||    50
       Meat ration       |       |     1 |       |       |       ||     1
       Bread ration      |       |       |     1 |       |       ||     1
       Pizza             |       |       |     1 |       |       ||     1
       Beef jerky        |       |       |     1 |     1 |     2 ||     4
       Fruit             |       |       |       |       |     1 ||     1
